 Dungeon Crawl Stone Soup version 0.28.0 (webtiles) character file.

Game seed: 7986213021457670229

506 Descartes the Vandal (level 6, 0/34 HPs)
             Began as a Deep Elf Wanderer on Feb 13, 2022.
             Slain by mn3067's ghost (5 damage)
             ... on level 4 of the Dungeon.
             The game lasted 00:11:43 (4039 turns).

Descartes the Vandal (Deep Elf Wanderer)            Turns: 4039, Time: 00:11:44

Health: 0/34       AC:  4    Str: 13    XL:     6   Next: 97%
Magic:  4/12       EV: 12    Int: 15    God:
Gold:   124        SH:  0    Dex: 14    Spells: 8/11 levels left

rFire   . . .      SeeInvis .   a - +2 hunting sling
rCold   + . .      Faith    .   (no shield)
rNeg    . . .      Spirit   .   f - +0 robe
rPois   .          Reflect  .   v - +0 helmet
rElec   .          Harm     .   e - +0 cloak
rCorr   .          Rampage  .   (no gloves)
Will    .....                   (no boots)
Stlth   ++........              (no amulet)
HPRegen 0.11/turn               m - ring of protection from cold
MPRegen 0.13/turn               (no ring)

@: no status effects
A: no striking features
a: no special abilities


You were on level 4 of the Dungeon.
You visited 1 branch of the dungeon, and saw 4 of its levels.

You collected 124 gold pieces.

Inventory:

Hand Weapons
 a - a +2 hunting sling (weapon)
 c - a +0 shortbow
Missiles
 b - 24 sling bullets (quivered ammo)
 d - 46 arrows
 i - 3 boomerangs
 k - 75 stones
 t - 4 poisoned darts
 w - 2 silver boomerangs
Armour
 e - a +0 cloak (worn)
 f - a +0 robe (worn)
 n - a +0 tower shield
 v - a +0 helmet (worn)
Jewellery
 m - a ring of protection from cold (left hand)
Scrolls
 g - 2 scrolls of silence {unknown}
 h - 3 scrolls of teleportation {unknown}
 p - a scroll of identify {unknown}
 q - 3 scrolls of fog {unknown}
 r - 2 scrolls of holy word {unknown}
Potions
 j - 3 potions of heal wounds {unknown}
 l - a potion of attraction {unknown}
 o - a potion of magic {unknown}
 s - a potion of haste {unknown}
 u - a potion of berserk rage {unknown}


   Skills:
 - Level 1.0 Fighting
 + Level 4.0 Slings
 - Level 2.6 Bows
 - Level 1.0 Armour
 + Level 2.5 Dodging
 - Level 2.4 Stealth
 + Level 1.5 Shields
 + Level 3.2 Spellcasting
 * Level 3.9 Conjurations
 + Level 2.0 Air Magic
 + Level 2.3 Earth Magic
 - Level 0.5 Poison Magic


You had 8 spell levels left.
You knew the following spells:

 Your Spells              Type           Power      Damage    Failure   Level
a - Sandblast             Erth           18%        2d7       8%          1
b - Static Discharge      Conj/Air       11%        N/A       9%          2

Your spell library contained the following spells:

 Spells                   Type           Power      Damage    Failure   Level
 Stone Arrow              Conj/Erth      22%        3d8       16%         3
 Passwall                 Tmut/Erth      4%         N/A       19%         2
 Iskenderun's Battlesphe  Conj           14%        2d7       73%         5
 Lightning Bolt           Conj/Air       5%         1d17      85%         5
 Iron Shot                Conj/Erth      5%         9d2       100%        6
 Spellforged Servitor     Conj/Summ      4%         N/A       100%        7
 Maxwell's Capacitive Co  Air            4%         ∞         100%        8


Dungeon Overview and Level Annotations

Branches:
Dungeon (4/15)
 Temple: D:4-7

Altars:
Wu Jian

Shops:
D:2 !   D:4 ?

Annotations:
D:4 mn3067's ghost, amateur MiFi


Message History

You are struck by an arc of lightning.
The lightning grounds out.
Mn3067's ghost misses you.
Casting: Static Discharge (safe; 9% risk of failure)
Confirm with . or Enter, or press ? or * to list all spells.
You don't have enough magic to cast this spell.
You shoot a sling bullet.
The sling bullet hits mn3067's ghost but does no damage.
Mn3067's ghost is lightly damaged.
Mn3067's ghost barely misses you.
You shoot a sling bullet.
The sling bullet barely misses mn3067's ghost.
You hear a splash.
Mn3067's ghost hits you.
You shoot a sling bullet.
The sling bullet hits mn3067's ghost but does no damage.
Mn3067's ghost is lightly damaged.
Mn3067's ghost hits you but does no damage.
You shoot a sling bullet.
The sling bullet hits mn3067's ghost but does no damage.
Mn3067's ghost is lightly damaged.
Mn3067's ghost barely misses you.
Mn3067's ghost hits you but does no damage.
Your magical contamination has completely faded away.
There is an open door here.
Mn3067's ghost hits you.
There is an open door here.
There is an open door here.
There is an open door here.
Casting: Static Discharge (safe; 9% risk of failure)
Confirm with . or Enter, or press ? or * to list all spells.
Mn3067's ghost is struck by an arc of lightning.
Mn3067's ghost is moderately damaged.
You are struck by an arc of lightning.
The lightning grounds out.
Mn3067's ghost hits you!
* * * LOW HITPOINT WARNING * * *
Mn3067's ghost makes a sound of rattling chains.
Mn3067's ghost says, "Try not to bleed too much."
There is a stone staircase leading up here.
Mn3067's ghost hits you.
You die...

#.....#.....'...##
......+.....#....#
......#.....#....#
#.....##...#
.##.....##...#
.........#...###
.........#....8#
............W..##
............@...#
................#
..........∩.....#
................#
###.....>......##
#...........##
#...8......##
#......#...#
#......#...#


You could see mn3067's ghost.

Vanquished Creatures
  Grinder (D:3)
  A bullfrog (D:4)
  An orc wizard (D:4)
  A hound zombie (D:3)
  Robin (D:3)
  10 adders
  A howler monkey skeleton (D:3)
  An adder skeleton (D:3)
  3 worms
  A dart slug (D:2)
  6 orcs
  4 bats
  8 endoplasms
  3 giant cockroaches
  16 goblins
  7 hobgoblins
  7 jackals
  3 quokkas
  6 ball pythons
  A ball python skeleton (D:3)
  7 frilled lizards
  4 kobolds
  11 rats
104 creatures vanquished.

Vanquished Creatures (others)
  A withered plant (D:3)
1 creature vanquished.

Grand Total: 105 creatures vanquished

Notes
Turn   | Place    | Note
-------+----------+-------------------------------------------
     0 | D:1      | Descartes the Deep Elf Wanderer began the quest for the
                  | Orb.
     0 | D:1      | Descartes set off with the following items: a +2 hunting
                  | sling, 19 sling bullets, a +0 shortbow, 27 arrows, a +0
                  | cloak, a +0 robe
     0 | D:1      | Reached XP level 1. HP: 12/12 MP: 3/3
   387 | D:1      | Reached XP level 2. HP: 16/16 MP: 5/5
   394 | D:1      | Reached skill level 1 in Conjurations
   454 | D:1      | Reached skill level 1 in Spellcasting
   478 | D:1      | Learned a level 1 spell: Sandblast
   520 | D:1      | Learned a level 2 spell: Static Discharge
   918 | D:1      | Found a faded altar of an unknown god.
  1095 | D:2      | Reached XP level 3. HP: 20/20 MP: 6/6
  1257 | D:2      | Reached skill level 1 in Dodging
  1392 | D:2      | Found Vucasyo's Distillery.
  1400 | D:2      | Reached skill level 1 in Earth Magic
  1400 | D:2      | Reached XP level 4. HP: 25/25 MP: 8/8
  1704 | D:2      | Found an ornate altar of the Wu Jian Council.
  2142 | D:2      | Reached skill level 1 in Air Magic
  2296 | D:3      | Reached XP level 5. HP: 28/29 MP: 5/10
  2378 | D:3      | Noticed Grinder
  2380 | D:3      | Paralysed by Grinder for 6 turns
  2389 | D:3      | Paralysed by Grinder for 6 turns
  2581 | D:3      | Reached skill level 1 in Shields
  2622 | D:3      | Killed Grinder
  2623 | D:3      | Reached XP level 6. HP: 31/34 MP: 6/12
  2723 | D:3      | Noticed Robin
  2742 | D:3      | Killed Robin
  3933 | D:4      | Found Huvvupt's Magic Scroll Boutique.
  3979 | D:4      | Found a runed translucent door.
  3984 | D:4      | Noticed mn3067's ghost (amateur MiFi)
  3992 | D:4      | Reached skill level 4 in Slings
  4039 | D:4      | Slain by mn3067's ghost

Illustrated notes

Levels and vault maps discovered:
D:1:      amcnicky_arrival_wind_blow, layout_basic,
          shapermc_ecumenical_altar_mp_ritualfount
D:2:      kennysheep_big_flooded_room, layout_basic, serial_shops, shop,
          basic_altar
D:3:      layout_basic, serial_undead, serial_undead_b, serial_undead_e,
          serial_undead_d, serial_undead_f, minmay_misc_feat_square,
          minivault_25, minmay_misc_feat_alley, fountainhead, uniq_grinder,
          uniq_robin
D:4:      layout_gridville, temple_hall, serial_shops, nicolae_stop_n_shop_1,
          shop_statue, shop, shop, ebering_ghost_sewer_d,
          kennysheep_small_square, uniq_pikel

Skill      XL: |  1  2  3  4  5  6 |
---------------+-------------------+-----
Conjurations   | 1 2 3 |  3.9
Spellcasting   | 1 2 3 |  3.2
Dodging        | 1 2 |  2.5
Earth Magic    | 1 2 |  2.3
Air Magic      | 1 2 |  2.0
Shields        | 1 |  1.5
Slings         | 4 |  4.0
Fighting       | |  1.0
Bows           | |  2.6
Armour         | |  1.0
Stealth        | |  2.4
Poison Magic   | |  0.5

Action                   |  1- 3 |  4- 6 || total
-------------------------+-------+-------++-------
 Fire: Hunting sling     |    96 |   133 ||   229
 Cast: Static Discharge  |       |    36 ||    36
       Sandblast         |       |     5 ||     5
Armor: Robe              |    11 |    22 ||    33
Dodge: Dodged            |    14 |    32 ||    46
